 Dungeon Crawl Stone Soup version 0.32-a0-837-g8d3e27d (webtiles) character file.

Game seed: 10112660093925752341

4 TheOfficialSoup the Digger (level 1, -1/10 HPs)
             Began as a Deep Elf Wanderer on Mar 25, 2024.
             Slain by a goblin
             ... wielding a +0 dagger
             ... led by Robin
              (3 damage)
             ... on level 2 of the Dungeon.
             The game lasted 00:05:50 (311 turns).

TheOfficialSoup the Digger (Deep Elf Wanderer)       Turns: 311, Time: 00:05:50

Health: -1/10      AC:  6    Str: 10    XL:     1   Next: 58%
Magic:  5/5        EV: -2    Int: 14    God:
Gold:   30         SH:  0    Dex: 15    Spells: 2/3 levels left

rFire   . . .        a - +0 dagger
rCold   . . .        (no shield)
rNeg    . . .        d - +0 scale mail
rPois   .            (no helmet)
rElec   .            (no cloak)
rCorr   .            (no gloves)
SInv    .            (no boots)
Will    .....        (no amulet)
Stlth   +            (no ring)
HPRegen 0.21/turn    (no ring)
MPRegen 0.09/turn

%: no passive effects
@: constricted
A: no striking features
a: no special abilities


You were on level 2 of the Dungeon.
You visited 1 branch of the dungeon, and saw 2 of its levels.

You collected 30 gold pieces.

Inventory:

Hand Weapons
 a - a +0 dagger (weapon)
Missiles
 b - an atropa-tipped dart (quivered)
 c - a datura-tipped dart
Armour
 d - a +0 scale mail (worn)
Jewellery
 g - a +4 ring of protection
Scrolls
 f - a scroll of summoning {unknown}
Potions
 e - a potion of berserk rage


   Skills:
 + Level 1.7 Armour
 + Level 2.6 Stealth
 + Level 1.5 Spellcasting
 + Level 3.4 Earth Magic
 + Level 1.0 Invocations
 + Level 1.1 Evocations


You had 2 spell levels left.
You knew the following spells:

 Your Spells              Type           Power      Damage    Failure   Level
a - Sandblast             Erth           20%        2d7       38%         1

Your spell library contained the following spells:

 Spells                   Type           Power      Damage    Failure   Level
 Passwall                 Erth           10%        N/A       77%         3
 Frozen Ramparts          Ice            2%         1d1       99%         3
 Ozocubu's Armour         Ice            1%         N/A       99%         3
 Metabolic Englaciation   Hex/Ice        0%         N/A       100%        5


Dungeon Overview and Level Annotations

Branches:
Dungeon (2/15)

Altars:

Annotations:
D:2 Robin


Message History

The ball python bites you but does no damage.
The ball python constricts you.
You escape the ball python's grasp.
Found an escape hatch in the floor.
The ball python attacks as it pursues you!
The ball python barely misses you. x2
The ball python bites you but does no damage.
The ball python barely misses you.
You barely miss the ball python.
The ball python bites you but does no damage.
The ball python grabs you. The ball python constricts you.
* * * LOW HITPOINT WARNING * * *
The ball python's grasp on you weakens, but your attempt to escape fails.
The ball python bites you but does no damage.
The ball python constricts you.
You escape the ball python's grasp.
The ball python bites you but does no damage.
There is an escape hatch in the floor here.
The bat hits you but does no damage.
The ball python bites you but does no damage.
The ball python closely misses you.
You slide downwards.
The hatch slams shut behind you.
The goblin shouts!
The hobgoblin shouts!
The goblin shouts! x3
The hobgoblin shouts! x2; The goblin shouts! x5
The ball python attacks as it pursues you!
The ball python closely misses you. The goblin barely misses you.
The ball python attacks as it pursues you!
The ball python bites you but does no damage.
The ball python barely misses you. The goblin attacks as it pursues you!
The goblin completely misses you.
The ball python bites you but does no damage.
The ball python barely misses you. The ball python bites you.
The ball python grabs you. The ball python constricts you.
* * * LOW HITPOINT WARNING * * *
Robin throws the goblin at you!
You miss the goblin.
The ball python bites you but does no damage.
The ball python constricts you. The goblin hits you with a +0 dagger.
You die...

..#. #.#.###
....... ......g
.....gg
.....gg#######.#.
.....gggg........


#.ggg.Sg# #######@# #g# #.# #.# #.# #.. ### You could see Robin, 4 hobgoblins, 8
goblins and a ball python.

Vanquished Creatures
  A giant cockroach (D:1)
  A quokka (D:1)
  A ball python (D:1)
  A frilled lizard (D:1)
  A goblin (D:1)
5 creatures vanquished.

Notes
Turn   | Place    | Note
-------+----------+-------------------------------------------
     0 | D:1      | TheOfficialSoup the Deep Elf Wanderer began the quest for
                  | the Orb.
     0 | D:1      | TheOfficialSoup set off with the following items: a +0
                  | dagger, an atropa-tipped dart, a datura-tipped dart, a +0
                  | scale mail, a potion of berserk rage; and the following
                  | spell memorised: Sandblast; and the following spells
                  | available to memorise: Passwall.
     0 | D:1      | Reached XP level 1. HP: 10/10 MP: 5/5
   307 | D:2      | Noticed Robin
   311 | D:2      | Slain by a goblin

Illustrated notes

Levels and vault maps discovered:
D:1:      dpeg_arrival_rooms_with_view, layout_loops_ring,
          minmay_misc_feat_ornament, kennysheep_small_spiral
D:2:      layout_basic, serial_rivers, chequers_serial_rivers_room_a,
          chequers_serial_rivers_micro_e, chequers_serial_rivers_small_3,
          chequers_serial_rivers_large_a, chequers_serial_rivers_small_3,
          chequers_serial_rivers_micro_a, patterned_corridor,
          uniq_crazy_yiuf_cottage, uniq_robin

Action                     || total
---------------------------++-------
  Melee: Dagger            ||    35
 Armour: Scale mail        ||    68
  Dodge: Dodged            ||    31

Table legend: (Time is in decaauts)
 A = Elapsed time spent in this place.
 B = Non-inter-level travel time spent in this place.
 C = Inter-level travel time spent in this place.
 D = Time resting spent in this place.
 E = Time spent auto-exploring this place.
 F = Levels seen in this place.
 G = Mean time per level.
                   A        B        C        D        E       F      G
               +--------+--------+--------+--------+--------+-----+--------+
         Total |    310 |    132 |    178 |      0 |      0 |   2 |  155.0 |
       Dungeon |    310 |    132 |    178 |      0 |      0 |   2 |  155.0 |
               +--------+--------+--------+--------+--------+-----+--------+

Top non-repeatable levels by time:
     D:1: 307 daAuts
     D:2: 3 daAuts
